 Dungeon Crawl Stone Soup version 0.32-a0-120-gfac0567ad4 (webtiles) character file.

Game seed: 17376903700811942937

12641 Bravepunisher the Pandemonic (level 11, -11/60 HPs)
             Began as a Spriggan Monk on Feb 6, 2024.
             Was a High Priest of Makhleb.
             Shot with an arrow by a centaur warrior (14 damage)
             ... on level 11 of the Dungeon.
             The game lasted 00:39:41 (10975 turns).

Bravepunisher the Pandemonic (Spriggan Monk)       Turns: 10975, Time: 00:39:42

Health: -11/60     AC:  7    Str:  5 (7)  XL:     11   Next: 65%
Magic:  22/22      EV: 24    Int: 10 (12) God:    Makhleb [*****.]
Gold:   839        SH:  5    Dex: 19 (22) Spells: 10/10 levels left

rFire   + . .        c - +2 dagger (venom)
rCold   . . .        (no shield)
rNeg    . . .        A - +0 steam dragon scales
rPois   .            (helmet restricted)
rElec   .            u - +0 cloak
rCorr   .            (gloves unavailable)
SInv    +            (boots unavailable)
Will    ++...        p - amulet of reflection
Stlth   ++           y - ring of protection from fire
HPRegen 0.30/turn    (no ring)
MPRegen 0.18/turn

%: reflection, clarity
@: brilliant, enlightened, flying, studying Staves, very quick
A: very small, no large weapons, unfitting armour, see invisible, speed 3,
clarity, teleportitis 1
a: Renounce Religion, Minor Destruction, Lesser Servant of Makhleb, Major
Destruction, Greater Servant of Makhleb


You were on level 11 of the Dungeon.
You worshipped Makhleb.
Makhleb was extremely pleased with you.
You visited 2 branches of the dungeon, and saw 12 of its levels.

You collected 839 gold pieces.

Inventory:

Hand Weapons
 c - a +2 dagger of venom (weapon)
Armour
 u - a +0 cloak (worn)
 A - +0 steam dragon scales (worn)
 B - the +0 robe of Wariness {rN+ Stlth+ Archmagi}
   (You took it off an orc on level 4 of the Dungeon)

   rN+:       It protects you from negative energy.
   Stlth+:    It makes you more stealthy.
   Archmagi:  It increases the power of your magical spells.
Jewellery
 p - an amulet of reflection (around neck)
 y - a ring of protection from fire (left hand)
 I - a ring of resist corrosion
Wands
 v - a wand of flame (14)
 E - a wand of roots (4)
 K - a wand of charming (2)
Scrolls
 a - 2 scrolls of revelation {unknown}
 b - 2 scrolls of torment {unknown}
 d - 3 scrolls of vulnerability {unknown}
 e - a scroll of brand weapon {unknown}
 f - 2 scrolls of noise {unknown}
 h - 2 scrolls of amnesia {unknown}
 i - a scroll of enchant armour {unknown}
 m - a scroll of silence {unknown}
 o - a scroll of fog {unknown}
 q - 4 scrolls of identify
 t - 3 scrolls of teleportation
 F - a scroll of immolation {unknown}
 G - 3 scrolls of enchant weapon {unknown}
 H - 2 scrolls of blinking {unknown}
 J - a scroll of butterflies {unknown}
Potions
 g - a potion of magic
 j - 2 potions of attraction {unknown}
 k - 3 potions of mutation
 l - a potion of might {unknown}
 n - 2 potions of haste {unknown}
 r - a potion of invisibility {unknown}
 s - 2 potions of brilliance
 w - 2 potions of lignification {unknown}
 x - a potion of ambrosia
 z - a potion of heal wounds {unknown}
 C - a potion of enlightenment
 D - a potion of degeneration


   Skills:
 + Level 7.9 Fighting
 - Level 3.2 Short Blades
 - Level 5.0 Armour
 - Level 10.0 Dodging
 * Level 13.4 Invocations


You had 10 spell levels left.
You didn't know any spells.
Your spell library contained the following spells:

 Spells                   Type           Power      Damage    Failure   Level
 Summon Small Mammal      Summ           0%         N/A       36%         1
 Scorch                   Fire           0%         2d5       50%         2
 Call Canine Familiar     Summ           0%         N/A       75%         3
 Dazzling Flash           Conj/Hex       0%         N/A       75%         3
 Mephitic Cloud           Conj/Alch/Air  0%         N/A       75%         3
 Flame Wave               Conj/Fire      0%         2d4       98%         4
 Summon Blazeheart Golem  Fire/Summ      0%         N/A       98%         4
 Curse of Agony           Necr           0%         N/A       100%        5
 Silence                  Hex/Air        0%         N/A       100%        5
 Summon Cactus Giant      Summ           0%         N/A       100%        6


Dungeon Overview and Level Annotations

Branches:
Dungeon (11/15)            Temple (1/1) D:4            Lair (0/5) D:11
    Orc (0/2) D:9

Altars:
Ashenzari
Cheibriados
Dithmenos
Elyvilon
Fedhas
Gozag
Hepliaklqana
Kikubaaqudgha
Makhleb
Nemelex Xobeh
Okawaru
Qazlal
Ru
Sif Muna
Trog
Uskayaw
Vehumet
Wu Jian
Xom
Yredelemnul
Zin
The Shining One


Innate Abilities, Weirdness & Mutations

You are very small and have problems with some larger weapons.
You are too small for most types of armour.
You have supernaturally acute eyesight. (SInv)
You cover ground extremely quickly. (Speed+++)
You possess an exceptional clarity of mind.
You are occasionally teleported next to monsters.


Message History

Aiming: Minor Destruction (0% risk of failure)
Press: ? - help, Shift-Dir - straight line, f - centaur warrior
Aim: a centaur warrior, wielding a +0 shortbow (moderately wounded)
The puff of flame hits the centaur warrior.
The centaur warrior is moderately wounded.
The centaur warrior shoots an arrow.
The arrow misses you.
The centaur shoots an arrow.
The arrow completely misses you.
Your neqoxec hits the centaur.
The centaur shoots an arrow.
The arrow closely misses you.
The centaur warrior shoots an arrow.
The arrow hits you!!
* * * LOW HITPOINT WARNING * * *
Unknown command.
Okay, then.
Your neqoxec hits the centaur.
The centaur shoots an arrow.
The arrow hits your neqoxec!
It was a potion of brilliance.
You feel clever all of a sudden.
The centaur warrior shoots an arrow.
The arrow closely misses you.
The centaur shoots an arrow.
The arrow barely misses your neqoxec. The arrow closely misses you.
Your neqoxec closely misses the centaur.
Unknown command.
It was a potion of enlightenment.
You feel very buoyant.
You fly up into the air.
The centaur warrior shoots an arrow.
The arrow completely misses you.
The centaur shoots an arrow.
The arrow hits your neqoxec!
Your neqoxec hits the centaur!
The centaur dies!
Makhleb accepts your kill.
The centaur warrior shoots an arrow.
The arrow hits you!
* * * LOW HITPOINT WARNING * * *
Unknown command.
The centaur warrior shoots an arrow.
The arrow hits your neqoxec!
Your neqoxec dies!
Your neqoxec disappears in a puff of smoke!
It was a potion of degeneration.
There was something very wrong with that liquid.
You feel weakened.
You feel dopey.
You feel clumsy.
The centaur warrior shoots an arrow.
The arrow hits you!
You die...

###...#.#####.#
#.
#.............#
## #...........
#
####....)......
#
#..............
#..†c).........
#...§#####..###
#....# ...#
#...@# #..
#....# #.#.c..
#....#
#######......
#....#
#..$..........
#....#
#......#......
#....#
#.....#....Y..
#....#
#.....#...#..
#....#
#....#.....# .
######
#.........##..


You could see a centaur warrior.

Vanquished Creatures
  A boulder beetle (D:8)
  A two-headed ogre (D:10)
  Pikel (D:4)
  A manticore (D:11)
  Joseph (D:8)
  A gargoyle (D:7)
  Jeremiah (D:6)
  2 trolls
  A wraith (D:10)
  3 shadows
  A wyvern (D:7)
  18 yaks
  3 steam dragons
  Menkaure (D:6)
  2 vampire mosquitoes (D:10)
  2 acid dragons
  A water moccasin (D:7)
  3 ice beasts
  A sky beast (D:8)
  A black bear (D:6)
  4 wolves (D:11)
  5 centaurs
  4 ogres
  A phantom (D:5)
  4 bullfrogs
  5 scorpions
  5 killer bees (D:7)
  An electric eel (D:6)
  5 howler monkeys
  2 bombardier beetles
  3 jellies
  Crazy Yiuf (D:3)
  2 gnoll boudas
  An orc priest (D:9)
  4 hounds
  4 sleepcaps
  Ijyb (D:4)
  7 iguanas
  Robin (D:2)
  14 adders
  17 gnolls
  A white imp (D:6)
  3 dart slugs
  3 ribbon worms
  33 orcs
  6 ball pythons
  15 bats
  9 endoplasms
  4 giant cockroaches
  19 goblins
  6 hobgoblins
  6 jackals
  9 kobolds
  3 quokkas
  A frilled lizard (D:1)
  2 rats
257 creatures vanquished.

Vanquished Creatures (collateral kills)
  Psyche (D:11)
  A slime creature (D:8)
  A yak (D:11)
  A steam dragon (D:6)
  A vampire mosquito (D:7)
  2 centaurs (D:11)
  A bullfrog (D:7)
  A hound (D:6)
9 creatures vanquished.

Vanquished Creatures (others)
  A yak (D:11)
1 creature vanquished.

Grand Total: 267 creatures vanquished

Notes
Turn   | Place    | Note
-------+----------+-------------------------------------------
     0 | D:1      | Bravepunisher the Spriggan Monk began the quest for the
                  | Orb.
     0 | D:1      | Reached XP level 1. HP: 11/11 MP: 2/2
   176 | D:1      | Reached XP level 2. HP: 16/16 MP: 3/3
   381 | D:1      | Reached skill level 5 in Dodging
   410 | D:2      | Reached XP level 3. HP: 19/19 MP: 4/4
   483 | D:2      | Noticed Robin
   640 | D:4      | Found a staircase to the Ecumenical Temple.
   647 | Temple   | Entered the Ecumenical Temple
   656 | Temple   | Became a worshipper of Makhleb the Destroyer
   656 | Temple   | Reached * piety under Makhleb
   656 | Temple   | Reached ** piety under Makhleb
   988 | D:1      | Reached XP level 4. HP: 24/24 MP: 5/5
  1016 | D:1      | Reached skill level 1 in Invocations
  1529 | D:2      | Reached skill level 2 in Invocations
  1556 | D:2      | Killed Robin
  1557 | D:2      | Reached XP level 5. HP: 20/28 MP: 7/7
  2096 | D:3      | Reached *** piety under Makhleb
  2458 | D:3      | Reached skill level 3 in Invocations
  2742 | D:3      | Found a runed translucent door.
  2743 | D:3      | Noticed Crazy Yiuf
  2748 | D:3      | Killed Crazy Yiuf
  2749 | D:3      | Reached XP level 6. HP: 31/32 MP: 9/9
  2828 | D:4      | Found a shadowy altar of Dithmenos.
  2842 | D:4      | Found a shimmering altar of Xom.
  2846 | D:4      | Found a glowing golden altar of the Shining One.
  2850 | D:4      | Found a hide-covered altar of Uskayaw.
  2856 | D:4      | Found a broken altar of Ashenzari.
  2901 | D:4      | Found a bloodstained altar of Trog.
  2920 | D:4      | Noticed Ijyb
  2940 | D:4      | Killed Ijyb
  2993 | D:4      | Identified the +0 robe of Wariness {rN+ Stlth+ Archmagi}
  3014 | D:4      | Found a white marble altar of Elyvilon.
  3026 | D:4      | Reached skill level 4 in Invocations
  3149 | D:4      | Reached XP level 7. HP: 19/37 MP: 11/11
  3487 | D:4      | Noticed Pikel
  3633 | D:4      | Killed Pikel
  3634 | D:4      | Reached skill level 6 in Invocations
  3634 | D:4      | Reached XP level 8. HP: 42/42 MP: 11/13
  3809 | D:5      | Entered Level 5 of the Dungeon
  3836 | D:5      | Reached **** piety under Makhleb
  3940 | D:5      | Reached skill level 5 in Fighting
  4214 | D:5      | Reached skill level 7 in Invocations
  4390 | D:5      | Found an opulent altar of Gozag.
  4581 | D:6      | Noticed Menkaure
  4586 | D:6      | Killed Menkaure
  4809 | D:6      | Found a hazy altar of Hepliaklqana.
  4859 | D:6      | Noticed Jeremiah
  4870 | D:6      | Killed Jeremiah
  4871 | D:6      | Reached skill level 8 in Invocations
  4871 | D:6      | Reached XP level 9. HP: 32/47 MP: 14/16
  4983 | D:6      | Reached skill level 1 in Armour
  5452 | D:6      | Found a glowing silver altar of Zin.
  5802 | D:7      | Reached skill level 10 in Dodging
  5857 | D:7      | Reached skill level 9 in Invocations
  6091 | D:7      | Noticed a troll
  6328 | D:7      | Found a radiant altar of Vehumet.
  6386 | D:7      | Reached skill level 10 in Invocations
  6550 | D:7      | Killed a troll
  6551 | D:7      | Reached XP level 10. HP: 27/53 MP: 18/18
  6775 | D:7      | Found a sparkling altar of Nemelex Xobeh.
  6817 | D:7      | Noticed a gargoyle
  6827 | D:7      | Killed a gargoyle
  7018 | D:8      | Noticed Joseph
  7025 | D:8      | Killed Joseph
  7498 | D:8      | Noticed a boulder beetle
  7511 | D:8      | Killed a boulder beetle
  7512 | D:8      | Reached skill level 11 in Invocations
  8011 | D:9      | Found a staircase to the Orcish Mines.
  8314 | D:9      | Reached ***** piety under Makhleb
  8550 | D:9      | Gained mutation: You are occasionally teleported next to
                  | monsters. [potion of mutation]
  8550 | D:9      | Gained mutation: You possess an exceptional clarity of
                  | mind. [potion of mutation]
  8556 | D:9      | Reached XP level 11. HP: 15/58 MP: 20/20
  9106 | D:10     | Entered Level 10 of the Dungeon
  9118 | D:10     | Reached skill level 12 in Invocations
  9318 | D:10     | Found a sacrificial altar of Ru.
  9778 | D:10     | Noticed a two-headed ogre
  9796 | D:10     | Killed a two-headed ogre
  9797 | D:10     | Reached skill level 5 in Armour
 10255 | D:10     | Found a blossoming altar of Fedhas.
 10325 | D:11     | Noticed Psyche
 10332 | D:11     | Killed Psyche
 10583 | D:11     | Found an iron altar of Okawaru.
 10781 | D:11     | Reached skill level 13 in Invocations
 10802 | D:11     | Noticed a centaur warrior
 10803 | D:11     | Found a staircase to the Lair.
 10973 | D:11     | HP: 3/60 [centaur warrior/arrow (12)]
 10975 | D:11     | Shot with an arrow by a centaur warrior

Illustrated notes

Levels and vault maps discovered:
D:1:      eino_arrival_druids_welcome, layout_loops_ring
D:2:      layout_basic, serial_glass, glass_columns_c, glass_columns_c,
          st_stairs_14, grunt_ministairs_4, minmay_misc_feat_ornament,
          uniq_robin
D:3:      layout_basic, minmay_snake_closets, uniq_crazy_yiuf_cottage
D:4:      wad_lake_hut, layout_cave_pools, mainiacjoe_overflow_small_starburst,
          nicolae_overflow_hallway_of_the_gods, old_standard_altar, uniq_ijyb,
          uniq_pikel
D:5:      layout_basic, grunt_gozag_statues
D:6:      layout_gridville, zin_statuary, nicolae_hepliaklqana_hippocampus,
          minmay_crystal_water, nrook_pool_corridor, grunt_ministairs_15,
          minmay_misc_feat_rows, uniq_jeremiah, uniq_menkaure
D:7:      nzn_winding_woodlands_small [nzn_winding_woodlands_5x15_zeroes,
          nzn_winding_woodlands_center_triple_pond,
          nzn_winding_woodlands_5x15_garden], layout_loops_ring,
          nicolae_vehumet_radiance, nemelex_dance_club_becter
D:8:      minmay_cornered_nines, layout_gridville, uniq_joseph
D:9:      old_forge, layout_gridville, orc_0_dummy
D:10:     layout_loops_ring, amcnicky_altar_gilded, kennysheep_mini,
          minmay_holes, lightli_orcish_oven
D:11:     layout_basic, hellmonk_lair_entry_icy, okawaru_metal_pillars_3,
          uniq_psyche, uniq_grum
Temple:   nicolae_temple_two_arcs

Skill      XL: |  1  2  3  4  5  6  7  8  9 10 11 |
---------------+----------------------------------+-----
Dodging        | 5 6 7 9 10 | 10.0
Fighting       | 3 4 5 6 7 |  7.9
Invocations    | 2 3 4 6 8 10 11 13 | 13.4
Armour         | 3 4 5 |  5.0
Short Blades   | |  3.2

Action                     |  1- 3 |  4- 6 |  7- 9 | 10-12 || total
---------------------------+-------+-------+-------+-------++-------
  Melee: Dagger            |    98 |    69 |   104 |   114 ||   385
         Short sword       |     1 |       |       |       ||     1
         Punch             |     6 |     2 |     6 |    11 ||    25
 Invoke: Minor Destruction |    16 |   132 |   201 |   279 ||   628
         Lesser Servant of |       |       |     3 |     6 ||     9
  Evoke: Wand              |       |       |     7 |     5 ||    12
    Use: Potion            |     1 |       |       |     7 ||     8
         Scroll            |       |       |       |     2 ||     2
   Stab: Sleeping          |     3 |       |       |     2 ||     5
         Distracted        |       |       |       |     1 ||     1
 Armour: Robe              |    21 |    22 |    17 |       ||    60
         Steam dragon scal |       |       |    28 |    68 ||    96
  Dodge: Dodged            |    77 |    78 |   147 |   223 ||   525
  Block: Other             |       |     1 |    32 |    45 ||    78
         Reflection        |       |       |     2 |     3 ||     5

Table legend: (Time is in decaauts)
 A = Elapsed time spent in this place.
 B = Non-inter-level travel time spent in this place.
 C = Inter-level travel time spent in this place.
 D = Time resting spent in this place.
 E = Time spent auto-exploring this place.
 F = Levels seen in this place.
 G = Mean time per level.
                   A        B        C        D        E       F      G
               +--------+--------+--------+--------+--------+-----+--------+
         Total |   8214 |   7864 |    350 |    176 |   5877 |  12 |  684.5 |
       Dungeon |   8202 |   7857 |    345 |    176 |   5877 |  11 |  745.6 |
        Temple |     12 |      8 |      4 |      0 |      0 |   1 |   12.0 |
               +--------+--------+--------+--------+--------+-----+--------+

Top non-repeatable levels by time:
    D:10: 968 daAuts
     D:7: 914 daAuts
     D:6: 886 daAuts
     D:9: 820 daAuts
     D:4: 811 daAuts
     D:3: 803 daAuts
     D:8: 768 daAuts
     D:2: 673 daAuts
     D:5: 551 daAuts
     D:1: 540 daAuts
    D:11: 463 daAuts
  Temple: 12 daAuts
